 Dungeon Crawl Stone Soup version 0.19.1-1-g22dce08 (webtiles) character file.

56 Disthyme the Sneak (level 3, -1/16 HPs)
             Began as a Spriggan Enchanter on Jan 17, 2017.
             Slain by a hobgoblin
             ... wielding a +0 club
             ... led by Robin
              (6 damage)
             ... on level 2 of the Dungeon.
             The game lasted 00:03:56 (1950 turns).

Disthyme the Sneak (Spriggan Enchanter)             Turns: 1950, Time: 00:03:57

Health: -1/16      AC:  3    Str:  4    XL:     3   Next: 69%
Magic:  1/8        EV: 19    Int: 17    God:
Gold:   60         SH:  0    Dex: 16    Spells: 2 memorised, 4 levels left

rFire  . . .     SeeInvis +     m - -2 dagger (curse)
rCold  . . .     Gourm    .     b - +1 robe
rNeg   . . .     Faith    .     (shield restricted)
rPois  .         Spirit   .     (helmet restricted)
rElec  .         Reflect  .     (no cloak)
rCorr  .         Harm     .     (gloves unavailable)
MR     .....                    (boots unavailable)
Stlth  +++.......               (no amulet)
                                (no ring)
                                i - ring of flight

@: very slightly contaminated, very quick
A: unfitting armour, see invisible, herbivore 3, speed 3, slow metabolism 2
a: Evoke Flight


You were on level 2 of the Dungeon.
You were not hungry.

You visited 1 branch of the dungeon, and saw 2 of its levels.

You collected 60 gold pieces.

Inventory:

Hand Weapons
 a - a +2 dagger
 m - a cursed -2 dagger (weapon)
Armour
 b - a +1 robe (worn)
Jewellery
 i - a ring of flight (left hand)
Potions
 e - a potion of curing
Books
 c - a book of Maledictions

   Spells                             Type                      Level
   a - Corona                         Hexes                        1
   b - Ensorcelled Hibernation        Hexes/Ice                    2
   c - Confuse                        Hexes                        3
   d - Tukima's Dance                 Hexes                        3
   e - Dazzling Spray                 Conjuration/Hexes            3
Comestibles
 d - a bread ration


   Skills:
 + Level 0.1 Fighting
 * Level 2.1 Short Blades
 - Level 3.5 Dodging
 - Level 4.8 Stealth
 + Level 2.7 Spellcasting
 + Level 4.3 Hexes
 + Level 0.5 Ice Magic


You had 4 spell levels left.
You knew the following spells:

 Your Spells              Type           Power        Failure   Level  Hunger
a - Corona                Hex            ###....      2%          1    #......
b - Ensorcelled Hibernat  Hex/Ice        ##....       12%         2    ##.....


Dungeon Overview and Level Annotations

Branches:
Dungeon (2/15)

Altars:

Annotations:
D:2 Robin


Innate Abilities, Weirdness & Mutations

You are very small and have problems with some larger weapons.
You are too small for most types of armour.
You have supernaturally acute eyesight. (SInv)
You are a herbivore.
You cover ground extremely quickly.
You need consume almost no food.


Message History

Robin throws the goblin at you!
Robin roars a battlecry!
The goblins go into a battle-frenzy!
You hear a shout! x2
A goblin comes into view. It is wielding a club.
The goblin shouts!
Casting: Ensorcelled Hibernation
Confirm with . or Enter, or press ? or * to list all spells.
You don't have enough magic to cast that spell.
Casting: Ensorcelled Hibernation
Confirm with . or Enter, or press ? or * to list all spells.
You don't have enough magic to cast that spell.
You hit the goblin but do no damage. The hobgoblin hits you with a club.
The goblin closely misses you.
You miss the goblin. The hobgoblin misses you.
The goblin hits you but does no damage.
You hit the goblin.
The goblin is moderately wounded.
The hobgoblin hits you with a club.
You die...

######.#.#.###
#....#.#.....#
#.##.#.###)#.#
#.#......#.#.#######
#.####.#.#>)........
#.....<..#.#.#######
##########.#.#
############
......gg###..........####
#####.gg@g.....†.(...g.†g
#######..........####
#...†..(...# #..........#
#..........# #....%.....#
..............#
.....########## ..%...


You could see Robin, a hobgoblin and 3 goblins.

Vanquished Creatures
  An adder (D:2)
  A worm (D:2)
  3 leopard geckos (D:1)
  A ball python (D:2)
  A giant cockroach (D:1)
  8 goblins
  8 hobgoblins
  2 jackals (D:1)
  5 bats
  A kobold (D:1)
  5 rats (D:1)
36 creatures vanquished.

Notes
Turn   | Place    | Note
-------+----------+-------------------------------------------
     0 | D:1      | Disthyme the Spriggan Enchanter began the quest for the Orb.
     0 | D:1      | Reached XP level 1. HP: 9/9 MP: 5/5
   828 | D:1      | Reached XP level 2. HP: 13/13 MP: 6/6
   832 | D:1      | Learned a level 2 spell: Ensorcelled Hibernation
  1595 | D:1      | Reached XP level 3. HP: 16/16 MP: 8/8
  1866 | D:2      | Noticed Robin
  1950 | D:2      | Slain by a hobgoblin

Skill      XL: |  1  2  3 |
---------------+----------+-----
Hexes          | 4 |  4.3
Short Blades   | 2 |  2.1
Fighting       | |  0.1
Dodging        | |  3.5
Stealth        | |  4.8
Spellcasting   | |  2.7
Ice Magic      | |  0.5

Action                   || total
-------------------------++-------
Melee: Dagger            ||   134
 Cast: Ensorcelled Hiber ||    18
  Use: Scroll            ||     6
 Stab: Sleeping          ||    14
       Distracted        ||     1
Armor: Robe              ||    26
Dodge: Dodged            ||   127
